 Dungeon Crawl Stone Soup version 0.28-a0-1638-g9123634e07 (webtiles) character file.

Game seed: 53748632495563241

1298 a3don the Stinger (level 8, -4/58 HPs)
             Began as a Merfolk Venom Mage on Jan 25, 2022.
             Slain by a two-headed ogre (10 damage)
             ... on level 6 of the Dungeon.
             The game lasted 00:13:29 (6391 turns).

a3don the Stinger (Merfolk Venom Mage)              Turns: 6391, Time: 00:13:30

Health: -4/58      AC:  6    Str: 14    XL:     8   Next: 56%
Magic:  7/13       EV: 13    Int: 16    God:
Gold:   185        SH:  0    Dex: 14    Spells: 4/14 levels left

rFire   . . .      SeeInvis .   n - +8 hand axe "Nypilous" {vorpal, Str+5}
rCold   . . .      Faith    .   e - orb {light}
rNeg    . . .      Spirit   .   j - +2 robe {Will+}
rPois   .          Reflect  .   r - +0 helmet
rElec   .          Harm     .   A - +0 cloak {rCorr}
rCorr   +          Rampage  .   (no gloves)
Will    +....                   (no boots)
Stlth   +.........              (no amulet)
HPRegen 0.19/turn               p - ring of flight
MPRegen 0.13/turn               (no ring)

@: flying, glowing
A: (nimble swimmer 2), mertail
a: no special abilities


You were on level 6 of the Dungeon.
You visited 1 branch of the dungeon, and saw 6 of its levels.

You collected 185 gold pieces.

Inventory:

Hand Weapons
 a - a +1 hand axe of venom
 d - a +0 short sword
 n - the +8 hand axe "Nypilous" (weapon) {vorpal, Str+5}
   (You found it on level 3 of the Dungeon)

   It inflicts extra damage upon your enemies.
   Str:       It affects your strength (+5).
 v - a +0 hunting sling
 x - a +2 dagger of venom
 z - a +4 quarterstaff of chaos
Missiles
 b - 3 curare-tipped darts
 h - 12 poisoned darts (quivered)
 u - 115 stones
 B - 6 boomerangs
Armour
 e - an orb of light (worn)
 j - a +2 robe of willpower (worn)
 r - a +0 helmet (worn)
 A - a +0 cloak of preservation (worn)
Jewellery
 p - a ring of flight (left hand)
 D - a +4 ring of protection
Scrolls
 g - 2 scrolls of enchant weapon
 y - a scroll of magic mapping
Potions
 c - 2 potions of ambrosia
 l - a potion of mutation
 q - a potion of curing
 s - 3 potions of lignification
 t - a potion of haste {unknown}


   Skills:
 + Level 3.4 Fighting
 + Level 2.5 Axes
 - Level 0.1(2.8) Polearms
 + Level 3.0 Dodging
 - Level 5.0 Stealth
 + Level 3.7 Spellcasting
 + Level 2.4 Conjurations
 + Level 4.8 Transmutations
 + Level 2.5 Air Magic
 + Level 5.1 Poison Magic


You had 4 spell levels left.
You knew the following spells:

 Your Spells              Type           Power      Damage    Failure   Level
a - Sting                 Tmut/Pois      76%        1d6       2%          1
b - Poisonous Vapours     Pois/Air       30%        N/A       5%          2
c - Mephitic Cloud        Conj/Pois/Air  13%        N/A       13%         3
d - Olgreb's Toxic Radia  Pois           19%        N/A       22%         4

Your spell library contained the following spells:

 Spells                   Type           Power      Damage    Failure   Level
 Portal Projectile        Hex/Tloc       6%         N/A       45%         3
 Blade Hands              Tmut           9%         N/A       54%         5
 Excruciating Wounds      Necr           1%         N/A       99%         5


Dungeon Overview and Level Annotations

Branches:
Dungeon (6/15)
 Temple: D:4-7

Altars:
Fedhas

Annotations:
D:3 1 runed translucent door, Maxmaps's ghost, amateur DsMo


Innate Abilities, Weirdness & Mutations

((You are very nimble when in or above water. (Stealth+, EV+, Speed+++)))
Your lower body shifts to a powerful aquatic tail in water.


Message History

Really fly into a travel-excluded area?
Casting: Poisonous Vapours (safe; 5% risk of failure)
Confirm with . or Enter, or press ? or * to list all spells.
Aiming: Poisonous Vapours (safe; 5% risk of failure)
Press: ? - help, Dir - move target, f/p - two-headed ogre
Aim: a two-headed ogre, wielding two +0 giant clubs (poisoned, haloed) Poisonous vapours surround the two-headed ogre!
The two-headed ogre looks even sicker.
The two-headed ogre is engulfed in blazing flames.
Casting: Poisonous Vapours (safe; 5% risk of failure)
Confirm with . or Enter, or press ? or * to list all spells.
Aiming: Mephitic Cloud (dangerous; 13% risk of failure)
Press: ? - help, Shift-Dir - straight line, f/p - two-headed ogre
Aim: a two-headed ogre, wielding two +0 giant clubs (flame, moderately wounded, very poisoned, haloed, chance to affect: 53%)
The ball explodes into a vile cloud!
The stinking cloud engulfs the two-headed ogre but does no damage.
The two-headed ogre is moderately wounded.
The two-headed ogre is engulfed in blazing flames.
You hit the two-headed ogre but do no damage.
The two-headed ogre is heavily wounded.
The two-headed ogre is engulfed in noxious fumes.
The two-headed ogre appears confused.
The two-headed ogre hits you with a +0 giant club!!
The two-headed ogre hits you with a +0 giant club!
You slash the two-headed ogre!
The two-headed ogre is severely wounded.
The two-headed ogre is engulfed in noxious fumes.
The two-headed ogre hits you with a +0 giant club.
The two-headed ogre barely misses you.
You completely miss the two-headed ogre.
The two-headed ogre is severely wounded.
The two-headed ogre chortles and stares into space.
The two-headed ogre barely misses you.
The two-headed ogre hits you with a +0 giant club!
* * * LOW HITPOINT WARNING * * *
You hit the two-headed ogre.
The two-headed ogre is almost dead.
The two-headed ogre closely misses you.
The two-headed ogre hits you with a +0 giant club!
You die...

.. #§# #..# #
##☼# #..#
#######..#
§#8#§§§.!#
#######.##
##§# #.# #§#
#.#
##.####.####.#
....[...°.O@.#
..#....######
#....# #....#
#...O.#
+.....#
#.....#
#.....#
#.....#


You could see a two-headed ogre (confused, poisoned).

Vanquished Creatures
  Sigmund (D:4)
  An ice beast (D:6)
  Pargi (D:3)
  3 ogres
  A centaur (D:5)
  4 scorpions
  A centaur zombie (D:6)
  A jelly (D:6)
  3 hounds
  Crazy Yiuf (D:4)
  A bullfrog skeleton (D:5)
  Jessica (D:3)
  An orc wizard (D:4)
  2 adders
  A howler monkey skeleton (D:5)
  2 shadow imps (D:5)
  A white imp (D:5)
  An ufetubus (D:5)
  2 worms
  15 orcs
  2 endoplasms
  A giant cockroach (D:3)
  4 goblins
  6 hobgoblins
  2 quokkas
  4 ball pythons
  3 bats (D:1)
  2 frilled lizards
  5 kobolds
  6 rats
79 creatures vanquished.

Vanquished Creatures (others)
  4 fungi (D:4)
  2 withered plants (D:3)
6 creatures vanquished.

Grand Total: 85 creatures vanquished

Notes
Turn   | Place    | Note
-------+----------+-------------------------------------------
     0 | D:1      | a3don the Merfolk Venom Mage began the quest for the Orb.
     0 | D:1      | Reached XP level 1. HP: 13/13 MP: 3/3
   295 | D:1      | Reached XP level 2. HP: 19/19 MP: 3/5
   344 | D:1      | Learned a level 2 spell: Poisonous Vapours
  1302 | D:2      | Reached XP level 3. HP: 22/24 MP: 0/6
  1939 | D:3      | Identified the +8 hand axe "Nypilous" {vorpal, Str+5}
  1966 | D:3      | Noticed Jessica
  1983 | D:3      | Killed Jessica
  1984 | D:3      | Reached XP level 4. HP: 31/31 MP: 1/7
  1993 | D:3      | Noticed Pargi
  2019 | D:3      | Killed Pargi
  2020 | D:3      | Reached skill level 1 in Fighting
  2020 | D:3      | Reached XP level 5. HP: 28/37 MP: 1/8
  2200 | D:3      | Found a runed translucent door.
  2200 | D:3      | Noticed Maxmaps's ghost (amateur DsMo)
  2624 | D:4      | Noticed an ogre
  2714 | D:4      | Reached skill level 1 in Axes
  2714 | D:4      | Reached skill level 1 in Conjurations
  2828 | D:4      | Reached skill level 1 in Air Magic
  2838 | D:4      | Noticed Sigmund
  2852 | D:4      | Killed Sigmund
  2853 | D:4      | Reached XP level 6. HP: 43/44 MP: 1/10
  2925 | D:4      | Learned a level 3 spell: Mephitic Cloud
  2930 | D:4      | Learned a level 4 spell: Olgreb's Toxic Radiance
  2983 | D:4      | Reached XP level 7. HP: 34/50 MP: 3/11
  3268 | D:4      | Found a blossoming altar of Fedhas.
  3851 | D:4      | Found a runed translucent door.
  3852 | D:4      | Noticed Crazy Yiuf
  4069 | D:4      | Killed Crazy Yiuf
  4395 | D:5      | Entered Level 5 of the Dungeon
  4469 | D:5      | Reached XP level 8. HP: 50/57 MP: 13/13
  6084 | D:6      | Reached skill level 5 in Poison Magic
  6329 | D:6      | Reached skill level 5 in Stealth
  6379 | D:6      | Noticed a two-headed ogre
  6391 | D:6      | Slain by a two-headed ogre

Illustrated notes

Levels and vault maps discovered:
D:1:      psy_arrival_radial02, layout_basic, hex_large
D:2:      layout_loops_ring
D:3:      layout_rooms, gammafunk_ghost_grave, uniq_jessica, uniq_pargi
D:4:      kennysheep_big_flooded_room, layout_rooms,
          mainiacjoe_overflow_chevrons, uniq_sigmund, uniq_crazy_yiuf_cottage
D:5:      layout_cave_pods
D:6:      layout_gridville, serial_shops, nicolae_shop_crystal,
          nicolae_shop_statue_plus, gammafunk_ghost_stat_death,
          lemuel_flamethrower_2

Skill      XL: |  1  2  3  4  5  6  7  8 |
---------------+-------------------------+-----
Dodging        | 3 |  3.0
Transmutations | 2 3 4 |  4.8
Fighting       | 1 2 3 |  3.4
Stealth        | 3 4 5 |  5.0
Poison Magic   | 4 5 |  5.1
Axes           | 1 2 |  2.5
Conjurations   | 1 2 |  2.4
Air Magic      | 1 2 |  2.5
Spellcasting   | 3 |  3.7
Polearms       | |  0.1

Action                   |  1- 3 |  4- 6 |  7- 9 || total
-------------------------+-------+-------+-------++-------
Melee: Short sword       |    20 |       |       ||    20
       Hand axe          |     7 |    25 |    91 ||   123
Throw: Dart              |       |     6 |       ||     6
 Cast: Sting             |    29 |     6 |     3 ||    38
       Poisonous Vapours |     7 |    20 |    20 ||    47
       Mephitic Cloud    |       |       |     2 ||     2
  Use: Potion            |     2 |       |       ||     2
       Scroll            |       |       |    13 ||    13
Armor: Robe              |     8 |     7 |    20 ||    35
Dodge: Dodged            |    23 |    19 |    84 ||   126

Table legend: (Time is in decaauts)
 A = Elapsed time spent in this place.
 B = Non-inter-level travel time spent in this place.
 C = Inter-level travel time spent in this place.
 D = Time resting spent in this place.
 E = Time spent auto-exploring this place.
 F = Levels seen in this place.
 G = Mean time per level.
                   A        B        C        D        E       F      G
               +--------+--------+--------+--------+--------+-----+--------+
         Total |   6401 |   6216 |    185 |   2131 |   3211 |   6 | 1066.8 |
       Dungeon |   6401 |   6216 |    185 |   2131 |   3211 |   6 | 1066.8 |
               +--------+--------+--------+--------+--------+-----+--------+

Top non-repeatable levels by time:
     D:5: 1854 daAuts
     D:4: 1606 daAuts
     D:3: 1104 daAuts
     D:1: 883 daAuts
     D:2: 798 daAuts
     D:6: 153 daAuts
